 Dungeon Crawl Stone Soup version 0.31-a0-1074-g0b22e4e0f1 (webtiles) character file.

Game seed: 530964574159710795

69 wildpjah the Changeling (level 4, 0/34 HPs)
             Began as a Merfolk Shapeshifter on Dec 5, 2023.
             Slain by an orc priest
             ... wielding a +0 dagger
              (1 damage)
             ... on level 3 of the Dungeon.
             The game lasted 00:03:26 (1490 turns).

wildpjah the Changeling (Merfolk Shapeshifter)      Turns: 1490, Time: 00:03:27

Health: 0/34       AC:  3    Str: 14    XL:     4   Next: 20%
Magic:  4/4        EV: 13    Int:  4    God:
Gold:   115        SH:  0    Dex: 19    Spells: 3/3 levels left

rFire   + . .        f - +0 dagger
rCold   . . .        (no shield)
rNeg    . . .        p - +0 leather armour of Absolutism {+Blink Int-5 Dex+4}
rPois   .            (helmet currently unavailable)
rElec   .            (cloak currently unavailable)
rCorr   .            (gloves currently unavailable)
SInv    .            (boots currently unavailable)
Will    .....        (no amulet)
Stlth   ++           e - ring of protection from fire
HPRegen 0.25/turn    (no ring)
MPRegen 0.09/turn

%: no passive effects
@: beast-form
A: beast (slay +2), (nimble swimmer 2), mertail
a: Begin Untransformation, Evoke Blink


You were on level 3 of the Dungeon.
You were a hulking beast.
You visited 1 branch of the dungeon, and saw 3 of its levels.

You collected 115 gold pieces.

Inventory:

Hand Weapons
 f - a +0 dagger (weapon)
Armour
 a - a +0 animal skin
 n - a +0 scale mail
 o - a +1 pair of gloves
 p - the +0 leather armour of Absolutism (worn) {+Blink Int-5 Dex+4}
   (You found it on level 2 of the Dungeon)

   Int-5:     It affects your intelligence (-5).
   Dex+4:     It affects your dexterity (+4).
   +Blink:    It lets you blink.
Jewellery
 e - a ring of protection from fire (left hand)
 s - a ring of magical power
Talismans
 c - a beast talisman
 d - a flux talisman
Scrolls
 h - 2 scrolls of identify {unknown}
 i - a scroll of poison {unknown}
 j - a scroll of fear {unknown}
 q - a scroll of noise {unknown}
 v - a scroll of teleportation {unknown}
Potions
 b - 3 potions of lignification
 g - a potion of ambrosia {unknown}
 k - a potion of haste {unknown}
 l - 2 potions of heal wounds {unknown}
 m - a potion of mutation {unknown}
 r - a potion of might {unknown}
 t - a potion of berserk rage {unknown}
 u - 2 potions of resistance {unknown}
 w - a potion of attraction {unknown}


   Skills:
 + Level 2.3 Fighting
 + Level 1.9 Short Blades
 + Level 3.8 Dodging
 + Level 0.3 Stealth
 - Level 3.2 Unarmed Combat
 * Level 0.8 Evocations
 - Level 4.1 Shapeshifting


You had 3 spell levels left.
You didn't know any spells.
Your spell library contained the following spells:

 Spells                   Type           Power      Damage    Failure   Level
 Kiss of Death            Conj/Necr      0%         2d5       58%         1
 Sandblast                Erth           0%         2d4       58%         1
 Passwall                 Tmut/Erth      0%         N/A       73%         2
 Confusing Touch          Hex            0%         N/A       91%         3
 Stone Arrow              Conj/Erth      0%         3d7       91%         3
 Brom's Barrelling Bould  Conj/Erth      0%         2d3       100%        4
 Dispel Undead            Necr           0%         3d6       100%        4


Dungeon Overview and Level Annotations

Branches:
Dungeon (3/15)

Altars:

Shops:
D:2 :


Innate Abilities, Weirdness & Mutations

You are a hulking beast.
Your limbs bulge with bestial killing power. (Slay +2)
((You are very nimble when in or above water. (Stealth+, EV+, Speed+++)))
Your lower body shifts to a powerful aquatic tail in water.


Message History

The orc priest is lightly wounded.
The quokka bites you.
The orc priest hits you with a +0 dagger.
You hit the orc priest but do no damage.
The orc priest is lightly wounded.
The quokka closely misses you.
You hit the orc priest.
The orc priest is moderately wounded.
The quokka barely misses you. The orc priest closely misses you.
Unknown command.
You hit the orc priest.
The orc priest is heavily wounded.
The quokka bites you but does no damage.
The orc priest hits you but does no damage.
You hit the orc priest but do no damage.
The orc priest is heavily wounded.
The quokka closely misses you.
The orc priest calls down the wrath of Beogh upon you.
Beogh smites you!
* * * LOW HITPOINT WARNING * * *
The quokka misses you.
You hit the orc priest but do no damage.
The orc priest is heavily wounded.
The orc priest hits you with a +0 dagger.
* * * LOW HITPOINT WARNING * * *
The quokka closely misses you.
You hit the orc priest but do no damage.
The orc priest is heavily wounded.
The orc priest barely misses you. The quokka barely misses you.
You closely miss the orc priest.
You punch the orc priest, but do no damage.
The orc priest is heavily wounded.
The orc priest begins to cast a cantrip, but forgets the words!
The quokka misses you.
You hit the orc priest.
The orc priest is severely wounded.
The quokka bites you.
* * * LOW HITPOINT WARNING * * *
The orc priest hits you with a +0 dagger.
You die...

......
#....## .
#.....
..#####$...
..........
.........
......or#
#+#####h###
..........#
#.#####..<#
#.#.#
...#.#
#.###.# #+
#.# #.# #.#


You could see an orc priest and a quokka.

Vanquished Creatures
  3 adders (D:2)
  2 orcs (D:3)
  5 ball pythons
  4 endoplasms (D:1)
  A giant cockroach (D:2)
  5 goblins
  3 hobgoblins
  6 bats
  2 frilled lizards
  4 kobolds
  3 rats
38 creatures vanquished.

Notes
Turn   | Place    | Note
-------+----------+-------------------------------------------
     0 | D:1      | wildpjah the Merfolk Shapeshifter began the quest for the
                  | Orb.
     0 | D:1      | Reached XP level 1. HP: 15/15 MP: 1/1
   274 | D:1      | Reached XP level 2. HP: 20/21 MP: 2/2
   760 | D:2      | Reached skill level 1 in Short Blades
   775 | D:2      | Reached XP level 3. HP: 24/27 MP: 3/3
   827 | D:2      | Identified the +0 leather armour of Absolutism {+Blink
                  | Int-5 Dex+4}
   879 | D:2      | Found Dumifez's Vocational Training.
  1231 | D:2      | Identified the +12 spear "Hell-Harrower" {distort, Int+2
                  | Dex+4}
  1318 | D:2      | Found a faded altar of an unknown god.
  1380 | D:2      | Reached XP level 4. HP: 34/34 MP: 4/4
  1487 | D:3      | HP: 1/34 [orc priest/+0 dagger (3)]
  1490 | D:3      | Slain by an orc priest

Illustrated notes

Levels and vault maps discovered:
D:1:      psy_arrival_conway, layout_basic
D:2:      layout_loops_ring, hellmonk_ecumenical_altar_leap_of_faith,
          nicolae_shop_vocational
D:3:      layout_basic

Skill      XL: |  1  2 |
---------------+-------+-----
Dodging        | 3 |  3.8
Short Blades   | 1 |  1.9
Fighting       | 2 |  2.3
Stealth        | |  0.3
Unarmed Combat | |  3.2
Evocations     | |  0.8
Shapeshifting  | |  4.1

Action                     |  1- 3 |  4- 6 || total
---------------------------+-------+-------++-------
  Melee: Dagger            |   120 |    19 ||   139
         Unarmed           |     5 |       ||     5
         Punch             |     3 |     3 ||     6
   Stab: Sleeping          |     2 |       ||     2
 Armour: Animal skin       |    33 |       ||    33
         Leather armour    |    23 |    15 ||    38
  Dodge: Dodged            |    86 |    14 ||   100

Table legend: (Time is in decaauts)
 A = Elapsed time spent in this place.
 B = Non-inter-level travel time spent in this place.
 C = Inter-level travel time spent in this place.
 D = Time resting spent in this place.
 E = Time spent auto-exploring this place.
 F = Levels seen in this place.
 G = Mean time per level.
                   A        B        C        D        E       F      G
               +--------+--------+--------+--------+--------+-----+--------+
         Total |   1478 |   1455 |     23 |      0 |   1128 |   3 |  492.7 |
       Dungeon |   1478 |   1455 |     23 |      0 |   1128 |   3 |  492.7 |
               +--------+--------+--------+--------+--------+-----+--------+

Top non-repeatable levels by time:
     D:1: 750 daAuts
     D:2: 707 daAuts
     D:3: 21 daAuts
